 Dungeon Crawl Stone Soup version 0.20.1-1-g8b1a95d (webtiles) character file.

20 Jazqa the Digger (level 2, -2/15 HPs)
             Began as a Gargoyle Earth Elementalist on Oct 31, 2017.
             Slain by a gnoll
             ... wielding a +2 spear of flaming
              (3 damage)
             ... on level 2 of the Dungeon.
             The game lasted 00:01:07 (1134 turns).

Jazqa the Digger (Gargoyle Earth Elementalist)      Turns: 1134, Time: 00:01:08

Health: -2/15      AC:  4    Str: 11    XL:     2   Next: 79%
Magic:  5/5        EV: 12    Int: 15    God:
Gold:   53         SH:  0    Dex: 10    Spells: 5/6 levels left

rFire    . . .     SeeInvis .   l - +1 dagger (freeze)
rCold    . . .     Gourm    .   (no shield)
rNeg     + . .     Faith    .   c - +0 robe
rPois    ∞         Spirit   .   (no helmet)
rElec    +         Reflect  .   (no cloak)
rCorr    .         Harm     .   (no gloves)
MR       .....                  (no boots)
Stlth    ++........             (no amulet)
Regen    0.1/turn               (no ring)
MPRegen  0.1/turn               (no ring)

@: no status effects
A: negative energy resistance 1, electricity resistance, unbreathing,
petrification resistance, rot immunity, AC +2
a: no special abilities


You were on level 2 of the Dungeon.
You were not hungry.

You visited 1 branch of the dungeon, and saw 2 of its levels.

You collected 53 gold pieces.


Innate Abilities, Weirdness & Mutations

You are resistant to torment.
Your stone body is resilient. (AC +2)
You are immune to poison.
You resist negative energy. (rN+)
You are resistant to electric shocks. (rElec)
You can survive without breathing.
You are immune to petrification.
You are immune to rotting.


   Skills:
 - Level 1.5 Dodging
 - Level 2.1 Stealth
 + Level 2.5 Spellcasting
   Level 0.7 Transmutations
 + Level 4.2 Earth Magic


You had 5 spell levels left.
You knew the following spells:

 Your Spells              Type           Power        Failure   Level  Hunger
z - Sandblast             Erth           ##....       3%          1    #......

Inventory:

Hand Weapons
 l - a +1 dagger of freezing (weapon)
Missiles
 b - 62 stones (quivered)
Armour
 c - a +0 robe (worn)
Scrolls
 a - a scroll of amnesia {unknown}
 g - 4 scrolls of remove curse {unknown}
 j - a scroll of identify {unknown}
 n - a scroll of fear {unknown}
Potions
 f - a potion of degeneration {unknown}
 i - a potion of mutation {unknown}
 k - a potion of lignification {unknown}
 m - 2 potions of curing {unknown}
Books
 e - a book of Geomancy

   Spells                             Type                      Level
   a - Sandblast                      Earth                        1
   b - Passwall                       Transmutation/Earth          2
   c - Stone Arrow                    Conjuration/Earth            3
   d - Petrify                        Transmutation/Earth          4
   e - Lee's Rapid Deconstruction     Earth                        5
Comestibles
 d - a bread ration {@e1}

Dungeon Overview and Level Annotations

Branches:
Dungeon (2/15)

Altars:

..........###.#
.............##.####
..................).
.....##......##.###.
...........###.# #. #
#...#.....# #.###. #.
#...#<..).###.....
#.g#.................
#..g@.........####.##
##.#..........# #.# #
#.####.....# #.# #.#
#.....# #.# ...
.......# #.#
...####...#.# ..#
#### #...#... ###
...# ..


You could see 2 gnolls.


Message History

A gnoll comes into view. It is wielding a club.
The gnoll shouts!
All of the chunks of flesh in your inventory have rotted away.
A gnoll is nearby!
A gnoll is nearby!
A gnoll is nearby!
The gnoll misses you.
A gnoll comes into view. It is wielding a spear of flaming.
You closely miss the gnoll. The gnoll closely misses you.
You hit the gnoll. You freeze the gnoll.
The gnoll is lightly wounded.
The gnoll hits you from afar with a spear of flaming.
The gnoll burns you.
You barely miss the gnoll.
The gnoll is lightly wounded.
The gnoll misses you. The gnoll hits you but does no damage.
A gnoll comes into view. It is wielding a whip.
The gnoll shouts!
You hit the gnoll. You freeze the gnoll.
The gnoll is heavily wounded.
You hear a shout!
The gnoll hits you but does no damage. The gnoll closely misses you.
The gnoll moves out of view.
You closely miss the gnoll.
The gnoll is heavily wounded.
The gnoll hits you with a club.
The gnoll hits you from afar with a spear of flaming!
* * * LOW HITPOINT WARNING * * *
The gnoll burns you.
You die...

Skill      XL: |  1  2 |
---------------+-------+-----
Earth Magic    | 4 |  4.2
Dodging        | |  1.5
Stealth        | |  2.1
Spellcasting   | |  2.5
Transmutations | |  0.7

Action                   || total
-------------------------++-------
Melee: Unarmed           ||    12
       Dagger            ||    13
 Cast: Sandblast         ||    13
 Stab: Sleeping          ||     1
  Eat: Chunk             ||     1
Armor: Robe              ||     7
Dodge: Dodged            ||    15

Vault maps used:
D:1:      dpeg_arrival_rooms_c, grunt_decor_cap, minmay_pentomino_o2
D:2:      minmay_diamond_boxcup, zin_statuary, lemuel_blue_sif_altar,
          nicolae_overflow_hidden_temple

Notes
Turn   | Place    | Note
-------+----------+-------------------------------------------
     0 | D:1      | Jazqa the Gargoyle Earth Elementalist began the quest for the Orb.
     0 | D:1      | Reached XP level 1. HP: 10/10 MP: 3/3
   105 | D:1      | HP: 1/10 [leopard gecko (3)]
   478 | D:1      | Reached XP level 2. HP: 15/15 MP: 3/5
   605 | D:1      | Reached skill level 4 in Earth Magic
  1134 | D:2      | HP: 1/15 [gnoll/spear of flaming (7)]
  1134 | D:2      | Slain by a gnoll

Vanquished Creatures
  A dart slug (D:1)
  2 leopard geckos (D:1)
  A bat (D:1)
  2 giant cockroaches (D:1)
  2 goblins (D:1)
  2 hobgoblins (D:1)
  2 kobolds (D:1)
  3 rats
15 creatures vanquished.
